 Dungeon Crawl Stone Soup version 0.22-a0-181-gb22368a (webtiles) character file.

142545 Amnesiac the Geomancer (level 16, -1/111 HPs)
             Began as a Mummy Earth Elementalist on Feb 14, 2018.
             Was a High Priest of Ashenzari.
             Slain by an azure jelly (3 damage)
             ... on level 1 of the Elven Halls.
             The game lasted 01:37:22 (32482 turns).

Amnesiac the Geomancer (Mummy Earth Elementalist)  Turns: 32482, Time: 01:37:23

Health: -1/111     AC:  7    Str: 12    XL:     16   Next: 80%
Magic:  0/31       EV: 18    Int: 21    God:    Ashenzari [*****.]
Gold:   1726       SH:  5    Dex: 12    Spells: 7/37 levels left

rFire    . . .     SeeInvis +   a - +1 dagger (drain) (curse)
rCold    + . .     Gourm    .   h - +0 buckler
rNeg     + + +     Faith    .   O - +2 robe of Vines {NoPotionHeal Regen+7}
rPois    ∞         Spirit   +   v - +0 helmet (curse)
rElec    .         Reflect  .   f - scarf {Spirit} (curse)
rCorr    .         Harm     .   Q - +0 pair of gloves
MR       +++..     Clarity  +   D - +0 pair of boots (curse)
Stlth    +++++.....             F - amulet of regeneration (curse)
HPRegen  3.48/turn              i - ring of protection from magic (curse)
MPRegen  0.22/turn              e - ring of protection from fire (curse)

@: about to teleport
A: no food or potions, fire vulnerability, cold resistance 1, negative energy
resistance 3, torment resistance, unbreathing, in touch with death 1
a: Curse Item, Scrying, Transfer Knowledge, Renounce Religion


You were on level 1 of the Elven Halls.
You worshipped Ashenzari.
Ashenzari was extremely pleased with you.
You were not hungry.

You visited 5 branches of the dungeon, and saw 20 of its levels.
You also visited: Labyrinth, Ossuary, Ice Cave and Wizlab.

You collected 2713 gold pieces.
You spent 987 gold pieces at shops.

Inventory:

Hand Weapons
 a - a cursed +1 dagger of draining (weapon)
 b - a +0 blowgun
 H - the +9 sword of Zonguldrok {reap}
   (You found it in a wizard's laboratory)

   If a monster killed with it leaves a corpse in good enough shape, the corpse
   will be animated as a zombie friendly to the killer.
Missiles
 j - 475 arrows
 l - 2 curare-tipped needles
 s - 94 poisoned needles
 u - 3 throwing nets
 S - 46 stones (quivered)
Armour
 f - a cursed scarf of spirit shield (worn)
 h - a +0 buckler (worn)
 v - a cursed +0 helmet (worn)
 D - a cursed +0 pair of boots (worn)
 I - a +0 helmet of intelligence
 J - a +2 pair of boots of flying
 O - the +2 robe of Vines (worn) {NoPotionHeal Regen+7}
   (You found it on level 13 of the Dungeon)

   It increases your rate of regeneration.
 Q - a +0 pair of gloves (worn)
Magical Staves
 q - an uncursed staff of death
Jewellery
 d - a +5 ring of strength
 e - a cursed ring of protection from fire (right hand)
 i - a cursed ring of protection from magic (left hand)
 n - a +2 ring of protection
 y - an uncursed amulet of magic regeneration
 z - a +3 ring of dexterity
 F - a cursed amulet of regeneration (around neck)
 L - a +5 ring of dexterity
Wands
 r - a wand of digging (33)
 t - a wand of enslavement (46)
 w - a wand of flame (37)
 K - a wand of random effects (15)
Scrolls
 c - 9 scrolls of identify {!r}
 g - a scroll of teleportation {!r}
 k - 3 scrolls of enchant armour {!r}
 m - 5 scrolls of amnesia {!r}
 o - 4 scrolls of fog {!r}
 p - 5 scrolls of remove curse {!r}
 x - 3 scrolls of magic mapping {!r}
 A - 2 scrolls of enchant weapon {!r}
 G - 2 scrolls of blinking {!r}
 P - a scroll of silence {!r}
Books
 B - a book of Callings

   Spells                             Type                      Level
   a - Summon Small Mammal            Summoning                    1
   b - Call Imp                       Summoning                    2
   c - Call Canine Familiar           Summoning                    3
   d - Summon Guardian Golem          Hexes/Summoning              3
   e - Summon Lightning Spire         Summoning/Air                4
   f - Summon Ice Beast               Ice/Summoning                4
 C - a book of Maledictions

   Spells                             Type                      Level
   a - Corona                         Hexes                        1
   b - Ensorcelled Hibernation        Hexes/Ice                    2
   c - Confuse                        Hexes                        3
   d - Tukima's Dance                 Hexes                        3
   e - Dazzling Spray                 Conjuration/Hexes            3
 M - a book of Frost

   Spells                             Type                      Level
   a - Freeze                         Ice                          1
   b - Throw Frost                    Conjuration/Ice              2
   c - Ozocubu's Armour               Charms/Ice                   3
   d - Throw Icicle                   Conjuration/Ice              4
   e - Summon Ice Beast               Ice/Summoning                4
 N - a book of the Sky

   Spells                             Type                      Level
   a - Summon Lightning Spire         Summoning/Air                4
   b - Silence                        Hexes/Air                    5
   c - Deflect Missiles               Charms/Air                   6
   d - Conjure Ball Lightning         Conjuration/Air              6
   e - Tornado                        Air                          9
 R - the Catalogue of the Volcanoes
   (You found it on level 1 of the Elven Halls)

   Spells                             Type                      Level
   a - Flame Tongue                   Conjuration/Fire             1
   b - Throw Flame                    Conjuration/Fire             2
   c - Inner Flame                    Hexes/Fire                   3
   d - Bolt of Magma                  Conjuration/Fire/Earth       5
   e - Fireball                       Conjuration/Fire             5
Miscellaneous
 E - a fan of gales (inert)


   Skills:
 - Level 6.0 Fighting
 - Level 10.3(14.1) Short Blades
 - Level 8.0(10.7) Dodging
 - Level 10.0(12.4) Stealth
 - Level 4.0 Shields
 + Level 11.4 Spellcasting
 * Level 11.4(15.1) Conjurations
 - Level 10.0(13.7) Transmutations
 * Level 11.4(15.1) Earth Magic


You had 7 spell levels left.
You knew the following spells:

 Your Spells              Type           Power        Failure   Level  Hunger
a - Sandblast             Erth           ######       0%          1    N/A
b - Passwall              Tmut/Erth      ######....   1%          2    N/A
d - Lee's Rapid Deconstr  Erth           ######....   1%          5    N/A
e - Petrify               Tmut/Erth      ######..     1%          4    N/A
f - Apportation           Tloc           ##....       4%          1    N/A
g - Animate Skeleton      Necr           N/A          4%          1    N/A
i - Irradiate             Conj/Tmut      ######....   1%          5    N/A
q - Sticks to Snakes      Tmut           ######..     1%          2    N/A
s - Conjure Flame         Conj/Fire      #####...     1%          3    N/A
v - Blink                 Tloc           N/A          7%          2    N/A
w - Mephitic Cloud        Conj/Pois/Air  ####....     1%          3    N/A
z - Confusing Touch       Hex            ##....       4%          1    N/A

Dungeon Overview and Level Annotations

Branches:
Dungeon (15/15)            Temple (1/1) D:6            Lair (0/6) D:11
    Orc (2/2) D:12            Elf (1/3) Orc:2        Vaults (0/5) D:14
 Depths (1/5) D:15

Altars:
Ashenzari
Cheibriados
Dithmenos
Elyvilon
Fedhas
Gozag
Hepliaklqana
Kikubaaqudgha
Makhleb
Nemelex Xobeh
Okawaru
Qazlal
Ru
Sif Muna
Trog
Uskayaw
Vehumet
Wu Jian
Xom
Yredelemnul
Zin
The Shining One

Shops:
D:6 *   D:13 [   Orc:2 [}[![   Depths:1 :

Portals:
Hell: Depths:1
Abyss: Depths:1
Pandemonium: Depths:1
Ziggurat: Depths:1

Annotations:
D:8 exclusion: oklob plant
Elf:1 exclusion: orb spider, Donald


Innate Abilities, Weirdness & Mutations

You do not eat or drink.
Your flesh is vulnerable to fire.
You are immune to poison.
Your flesh is cold resistant. (rC+)
You are immune to negative energy. (rN+++)
You are immune to unholy pain and torment.
You can survive without breathing.
You are in touch with the powers of death.


Message History

The azure jelly is lightly wounded.
An azure jelly comes into view.
Unknown command.
Casting: Lee's Rapid Deconstruction (safe; 1% risk of failure)
Confirm with . or Enter, or press ? or * to list all spells.
Aiming: Lee's Rapid Deconstruction (safe; 1% risk of failure)
Press: ? - help, Dir - move target cursor, f - troll simulacrum, p - azure jelly Fragment what (e.g. wall or brittle monster)?: a troll simulacrum The troll simulacrum shatters!
The troll simulacrum is heavily damaged.
The azure jelly moves out of view.
The azure jelly barely misses you. The azure jelly hits you!
The azure jelly freezes you!! You resist.
The azure jelly hits you but does no damage.
The azure jelly closely misses you. The azure jelly hits you!
The azure jelly freezes you! You resist. The azure jelly hits you!
The azure jelly freezes you! You resist. You block the azure jelly's attack.
The azure jelly misses you.
Casting: Lee's Rapid Deconstruction (safe; 1% risk of failure)
Confirm with . or Enter, or press ? or * to list all spells.
Aiming: Lee's Rapid Deconstruction (safe; 1% risk of failure)
Press: ? - help, Dir - move target cursor, p - troll simulacrum
Okay, then.
Casting: Lee's Rapid Deconstruction (safe; 1% risk of failure)
Confirm with . or Enter, or press ? or * to list all spells.
Aiming: Lee's Rapid Deconstruction (safe; 1% risk of failure)
Press: ? - help, Dir - move target cursor The metal wall shatters!
The blast of metal fragments hits the azure jelly.
The azure jelly is moderately wounded.
You feel a bit more experienced. You block the azure jelly's attack.
The azure jelly barely misses you. You block the azure jelly's attack.
The azure jelly hits you but does no damage.
Unknown command.
Casting: Lee's Rapid Deconstruction (safe; 1% risk of failure)
Confirm with . or Enter, or press ? or * to list all spells.
Aiming: Lee's Rapid Deconstruction (safe; 1% risk of failure)
Press: ? - help, Dir - move target cursor The metal wall shatters!
The blast of metal fragments hits the azure jelly.
The azure jelly is heavily wounded.
You block the azure jelly's attack. The azure jelly hits you.
The azure jelly freezes you! You resist. The azure jelly misses you.
The azure jelly hits you!
The azure jelly hits you but does no damage.
The azure jelly hits you!
* * * LOW HITPOINT WARNING * * *
The azure jelly freezes you!! You resist.
* * * LOW HITPOINT WARNING * * *
The azure jelly hits you but does no damage. x2
Unknown command.
Okay, then.
Really read
g - 2 scrolls of teleportation {!r}?
As you read the scroll of teleportation {!r}, it crumbles to dust.
You feel strangely unstable.
The azure jelly hits you but does no damage.
The azure jelly hits you!
* * * LOW HITPOINT WARNING * * *
The azure jelly freezes you!! You resist.
* * * LOW HITPOINT WARNING * * *
The azure jelly hits you.
* * * LOW HITPOINT WARNING * * *
The azure jelly hits you.
You die...

,#.§§#..#..#{≈.≈.
#...#...#..#... ,#§§§#..#..#
≈{Z≈.#..)#.).#..####
{#.§.#..'..#
.≈.≈#...#...#..#{{*
##.§('..#..#≈
{.≈.....#...#..#{
..§###..####,
.≈.≈#Z..#...#..#,*
...........#
≈.§{#...#####..#{ ,
...........#{
.≈.,#..........#{,*
####'##############........>.
{
................@J....###+###
* ...................#..# , ,
#####'###########..#..# ,,,,,
................#..#..# ,,,,
, ,
................#..#..#,,, ,
, ...............)#..#..# ,,,
, , ................#..+..# *
** ................#..#....,
,, , ,
.......>........+..#...... ,


You could see an azure jelly.

Vanquished Creatures
  An ancient lich (WizLab)
  An ancient champion (WizLab)
  Kirke (Elf:1)
  A fire giant (Depths:1)
  Aizul (Elf:1)
  A balrug (Depths:1)
  A frost giant (Depths:1)
  5 stone giants (Depths:1)
  Nessos (D:12)
  2 vampire knights (Depths:1)
  A minotaur (Lab)
  Azrael (D:14)
  2 ettins
  Josephine (D:15)
  A rakshasa (Depths:1)
  5 ogre magi
  3 hydras
  5 ice dragons (Depths:1)
  9 dancing weapons
  24 two-headed ogres
  5 deep troll shamans (Depths:1)
  7 centaur warriors
  4 deep troll earth magi (Depths:1)
  4 tengu warriors
  A fire crab (Elf:1)
  7 deep elf knights (Elf:1)
  A hell knight (D:15)
  10 skeletal warriors (WizLab)
  5 unseen horrors
  9 deep trolls (Depths:1)
  9 deep elf archers
  A glowing orange brain (Depths:1)
  An orc knight (Orc:2)
  A lindwurm (Elf:1)
  2 cyclopes
  3 manticores
  22 deep elf magi
  28 ugly things
  A manticore (shapeshifter) (D:14)
  2 ice statues (IceCv)
  A rust devil (Depths:1)
  A torpor snail (shapeshifter) (Elf:1)
  2 molten gargoyles (Elf:1)
  4 gargoyles
  The ghost of mhoghedin the Charmwright, a novice GnSk of Ashenzari (D:4)
  An orange demon (Depths:1)
  A kobold demonologist (Depths:1)
  A komodo dragon (D:12)
  A freezing wraith (D:13)
  6 yaktaurs (Depths:1)
  An anaconda simulacrum (Elf:1)
  3 meliai (D:14)
  2 tengu conjurers
  Prince Ribbit (D:6)
  Grinder (D:3)
  5 trolls
  8 slime creatures
  A polar bear (shapeshifter) (D:15)
  3 hippogriffs
  5 vampires
  A ynoxinul (Depths:1)
  A shadow (D:14)
  2 air elementals (Elf:1)
  6 wraiths
  7 yaks
  A yak (shapeshifter) (Depths:1)
  5 fire elementals
  A wyvern (D:8)
  4 hogs (D:7)
  A human (D:7)
  2 hungry ghosts
  4 vampire mosquitoes (D:14)
  Edmund (D:4)
  An acid dragon (D:11)
  4 two-headed ogre zombies (WizLab)
  2 wargs (Orc:1)
  A water moccasin (D:14)
  4 hell hounds
  A hornet zombie (D:15)
  12 orc warriors
  A swamp drake (Orc:1)
  7 ice beasts
  26 ogres
  5 eyes of draining
  3 black mamba simulacra (Elf:1)
  A sky beast (D:12)
  3 necrophages
  6 centaurs
  2 crocodiles
  6 big kobolds
  9 bullfrogs
  An earth elemental (Elf:1)
  A wyvern zombie (D:6)
  2 scorpions
  5 troll zombies (WizLab)
  13 wights
  3 centaur zombies
  A howler monkey (D:6)
  6 crimson imps
  A quasit (D:8)
  2 lava snakes
  16 jellies
  A bullfrog zombie (D:9)
  3 centaur skeletons
  6 hounds
  6 orc priests
  4 bullfrog skeletons
  3 iguanas
  An iron imp (Orc:1)
  Jessica (D:8)
  22 orc wizards
  8 worker ants
  A troll simulacrum (Elf:1)
  A killer bee zombie (D:9)
  2 big kobold zombies (Ossuary)
  5 ogre zombies (WizLab)
  A hound skeleton (D:8)
  4 mummies
  A worker ant zombie (D:11)
  Robin (D:3)
  12 gnolls
  2 howler monkey skeletons
  A river rat (shapeshifter) (Depths:1)
  14 adders
  7 shadow imps
  13 white imps
  11 oozes (D:8)
  2 adder zombies (D:8)
  An adder skeleton (D:8)
  3 worms
  5 dart slugs
  2 leopard geckos
  55 orcs
  8 giant cockroaches
  3 gnoll zombies (Ossuary)
  18 goblins
  15 hobgoblins
  17 jackals
  23 kobolds
  2 quokkas
  2 ball pythons
  5 bats
  5 frilled lizards
  A goblin zombie (Ossuary)
  4 hobgoblin zombies (Ossuary)
  A jackal zombie (D:5)
  3 orc zombies (Ossuary)
  6 rats
  2 fungi (D:6)
734 creatures vanquished.

Vanquished Creatures (collateral kills)
  A troll zombie (WizLab)
  An ogre zombie (WizLab)
2 creatures vanquished.

Vanquished Creatures (others)
  A lindwurm (Elf:1)
  An air elemental (Elf:1)
  8 humans
  A troll zombie (WizLab)
  A crimson imp (D:14)
  4 fungi (D:8)
16 creatures vanquished.

Grand Total: 752 creatures vanquished

Notes
Turn   | Place    | Note
-------+----------+-------------------------------------------
     0 | D:1      | Amnesiac the Mummy Earth Elementalist began the quest for the Orb.
     0 | D:1      | Reached XP level 1. HP: 13/13 MP: 4/4
    93 | D:1      | Reached XP level 2. HP: 18/19 MP: 1/5
   103 | D:1      | Learned a level 2 spell: Passwall
   741 | D:2      | Reached skill level 1 in Transmutations
   747 | D:2      | Reached XP level 3. HP: 24/24 MP: 4/7
   870 | D:2      | Found a shadowy altar of Dithmenos.
  1037 | D:2      | Found an ancient bone altar of Kikubaaqudgha.
  1037 | D:2      | Noticed a human
  1040 | D:2      | Killed a human
  1103 | D:2      | Found a blossoming altar of Fedhas.
  1864 | D:3      | Reached XP level 4. HP: 11/30 MP: 0/9
  2140 | D:3      | Noticed Grinder
  2157 | D:3      | Paralysed by Grinder for 2 turns
  2351 | D:3      | Paralysed by Grinder for 4 turns
  2369 | D:3      | Killed Grinder
  2369 | D:3      | Reached skill level 1 in Short Blades
  2369 | D:3      | Reached XP level 5. HP: 13/35 MP: 0/11
  2369 | D:3      | Reached XP level 6. HP: 15/41 MP: 0/12
  2548 | D:3      | Noticed Robin
  2569 | D:4      | Noticed mhoghedin's ghost (novice GnSk)
  2779 | D:4      | Noticed Edmund
  3390 | D:3      | Killed Robin
  3390 | D:3      | Reached skill level 5 in Earth Magic
  3521 | D:4      | Reached skill level 5 in Spellcasting
  3521 | D:4      | Reached XP level 7. HP: 38/46 MP: 12/14
  3536 | D:4      | Found a hazy altar of Hepliaklqana.
  3561 | D:4      | Learned a level 5 spell: Lee's Rapid Deconstruction
  3566 | D:4      | Learned a level 4 spell: Petrify
  3570 | D:4      | Learned a level 3 spell: Stone Arrow
  3900 | D:4      | Killed Edmund
  4335 | D:5      | Entered Level 5 of the Dungeon
  5304 | D:6      | Found a sand-covered staircase.
  5311 | D:6      | Reached XP level 8. HP: 48/52 MP: 14/17
  5369 | D:6      | Found Ciwaivuja's Assorted Antiques.
  5374 | D:6      | Bought a scorched cloak for 247 gold pieces
  5414 | Ossuary  | Entered an ossuary
  5817 | D:6      | Found a staircase to the Ecumenical Temple.
  5848 | Temple   | Entered the Ecumenical Temple
  6059 | D:6      | Noticed Prince Ribbit
  6065 | D:6      | Killed Prince Ribbit
  6620 | D:6      | Found an ornate altar of the Wu Jian Council.
  7033 | D:7      | Found an opulent altar of Gozag.
  7386 | D:7      | Reached XP level 9. HP: 51/57 MP: 4/21
  8256 | D:8      | Noticed an oklob plant
  8421 | D:8      | Noticed a two-headed ogre
  8437 | D:8      | Killed a two-headed ogre
  8437 | D:8      | Reached skill level 10 in Spellcasting
  8437 | D:8      | Reached skill level 10 in Earth Magic
  8437 | D:8      | Reached XP level 10. HP: 63/63 MP: 19/24
  8470 | D:8      | Noticed a two-headed ogre
  8615 | D:7      | Reached skill level 1 in Fighting
  8948 | D:8      | Noticed Jessica
  8951 | D:8      | Killed Jessica
  8959 | D:8      | Found a deep blue altar of Sif Muna.
  9059 | D:8      | Killed a two-headed ogre
  9190 | D:9      | Found an opulent altar of Gozag.
  9192 | D:9      | Noticed a two-headed ogre
  9215 | D:10     | Entered Level 10 of the Dungeon
  9569 | D:9      | Killed a two-headed ogre
  9626 | D:9      | Found a shimmering altar of Xom.
  9649 | D:9      | Noticed a dagger
  9650 | D:9      | Noticed a dagger
  9652 | D:9      | Found a hide-covered altar of Uskayaw.
  9790 | D:9      | Reached skill level 5 in Dodging
 10155 | D:9      | Found an iron altar of Okawaru.
 10163 | D:9      | Found a stormy altar of Qazlal.
 10164 | D:9      | Found a glowing silver altar of Zin.
 10165 | D:9      | Found a shattered altar of Ashenzari.
 10173 | D:9      | Became a worshipper of Ashenzari the Shackled
 10324 | D:4      | Killed mhoghedin's ghost
 10622 | D:9      | Identified the +1 cloak of Feasting {-Cast rElec MP+9 Int+3} (You bought it in a shop on level 6 of the Dungeon)
 10685 | D:9      | Killed a dagger
 10685 | D:9      | Reached XP level 11. HP: 78/78 MP: 14/25
 10796 | D:9      | Killed a dagger
 11831 | D:11     | Reached * piety under Ashenzari
 11895 | D:11     | Noticed a seven-headed hydra
 12166 | D:11     | Noticed a green ugly thing
 12201 | D:11     | Killed a green ugly thing
 12335 | D:11     | Reached skill level 5 in Fighting
 12602 | D:11     | Found a staircase to the Lair.
 12926 | D:11     | Learned a level 1 spell: Confusing Touch
 12928 | D:11     | Learned a level 1 spell: Apportation
 12930 | D:11     | Learned a level 1 spell: Animate Skeleton
 12932 | D:11     | Learned a level 1 spell: Summon Small Mammal
 12938 | D:12     | Noticed a four-headed hydra
 12964 | D:12     | Noticed Nessos
 13068 | D:12     | Killed a four-headed hydra
 13204 | D:12     | Killed Nessos
 13334 | D:12     | Reached skill level 5 in Short Blades
 13352 | D:12     | Found a staircase to the Orcish Mines.
 13959 | D:12     | Learned a level 3 spell: Conjure Flame
 14031 | D:13     | Identified a scroll of acquirement {!r}
 14080 | D:13     | Found a labyrinth entrance.
 14113 | D:13     | Noticed a tengu warrior
 14121 | D:13     | Noticed a centaur warrior
 14141 | D:13     | Killed a centaur warrior
 14165 | Lab      | Entered a labyrinth
 14262 | Lab      | Reached ** piety under Ashenzari
 14673 | Lab      | Killed a minotaur
 14673 | Lab      | Reached XP level 12. HP: 88/88 MP: 10/26
 14682 | Lab      | Got the uncursed scale mail "Juwkiy" {Str+4 Dex-2 Slay+2}
 14694 | Lab      | Identified the +4 scale mail "Juwkiy" {Str+4 Dex-2 Slay+2} (You found it in a labyrinth)
 14871 | D:12     | Killed a seven-headed hydra
 14977 | D:13     | Killed a tengu warrior
 15258 | D:13     | Found the +2 robe of Vines {NoPotionHeal Regen+7}
 15326 | D:13     | Got the uncursed buckler of Good Intentions {-Cast *Slow Dex+7 Stlth+}
 15399 | D:13     | Found Amimnex's Armour Shoppe.
 15437 | D:13     | Bought a +0 pair of gloves for 72 gold pieces
 15447 | D:13     | Identified the +3 buckler of Good Intentions {-Cast *Slow Dex+7 Stlth+} (You found it on level 13 of the Dungeon)
 15471 | D:13     | Noticed a two-headed ogre
 15480 | D:13     | Killed a two-headed ogre
 15616 | D:13     | Reached skill level 1 in Shields
 15801 | D:13     | Noticed a centaur warrior
 15811 | D:13     | Killed a centaur warrior
 16050 | D:14     | Found a gate to the Vaults.
 16085 | D:14     | Noticed a centaur warrior
 16262 | D:14     | Learned a level 5 spell: Irradiate
 16266 | D:14     | Learned a level 2 spell: Sticks to Snakes
 16285 | D:14     | Noticed a centaur warrior
 16308 | D:14     | Killed a centaur warrior
 16611 | Orc:1    | Entered Level 1 of the Orcish Mines
 16981 | Orc:2    | Entered Level 2 of the Orcish Mines
 16981 | Orc:2    | Reached *** piety under Ashenzari
 17075 | Orc:2    | Found a staircase to the Elven Halls.
 17149 | Orc:2    | Found Kuquurgha's Armour Boutique.
 17508 | Orc:1    | Learned a level 2 spell: Blink
 17674 | Orc:1    | Reached skill level 10 in Short Blades
 17901 | Orc:2    | Noticed a two-headed ogre
 17901 | Orc:2    | Noticed a two-headed ogre
 17901 | Orc:2    | Noticed an ogre mage
 17901 | Orc:2    | Noticed a two-headed ogre
 17901 | Orc:2    | Noticed a two-headed ogre
 17901 | Orc:2    | Noticed an ogre mage
 17901 | Orc:2    | Noticed a two-headed ogre
 17901 | Orc:2    | Noticed a two-headed ogre
 17901 | Orc:2    | Noticed a two-headed ogre
 17901 | Orc:2    | Killed a two-headed ogre
 17914 | Orc:2    | Killed a two-headed ogre
 17914 | Orc:2    | Gained mutation: You are in touch with the powers of death. [Mummy growth]
 17914 | Orc:2    | Reached XP level 13. HP: 93/93 MP: 22/27
 17943 | Orc:2    | Reached skill level 1 in Conjurations
 18537 | Orc:2    | Found Optianer's Armour Shop.
 18537 | Orc:2    | Found Zumif's Gadget Shoppe.
 18538 | Orc:2    | Found Xadoenet's Antique Armour Shoppe.
 18538 | Orc:2    | Found Wiokaiqa's Distillery.
 18550 | Orc:2    | Bought a glowing scarf for 152 gold pieces
 19294 | Orc:2    | Bought a +0 helmet of intelligence for 172 gold pieces
 19314 | Orc:2    | Reached skill level 5 in Conjurations
 19314 | Orc:2    | Reached skill level 5 in Transmutations
 19740 | D:13     | Bought a +2 pair of boots of flying for 344 gold pieces
 20520 | D:14     | Reached **** piety under Ashenzari
 20538 | D:14     | Noticed Azrael
 20904 | D:15     | Entered Level 15 of the Dungeon
 21112 | D:15     | Found a frozen archway.
 21294 | D:15     | Noticed Josephine
 21340 | D:15     | Reached XP level 14. HP: 95/100 MP: 4/28
 21453 | IceCv    | Entered an ice cave
 21553 | IceCv    | Found a transporter.
 21763 | IceCv    | Identified The Papyrus of Greatest Risks and Utility
 21807 | D:15     | Learned a level 3 spell: Mephitic Cloud
 22096 | D:15     | Killed Josephine
 22594 | D:15     | Found a staircase to the Depths.
 23120 | Depths:1 | Entered Level 1 of the Depths
 23186 | Depths:1 | Noticed a vampire knight
 23420 | Depths:1 | Found a one-way gate leading to the halls of Pandemonium.
 23423 | Depths:1 | Reached ***** piety under Ashenzari
 23429 | Depths:1 | Noticed a stone giant
 23429 | Depths:1 | Found a gateway to a ziggurat.
 23434 | Depths:1 | Noticed a fire giant
 23439 | Depths:1 | Noticed a vampire knight
 23445 | Depths:1 | Found a magical portal.
 23464 | WizLab   | Entered Zonguldrok's Shrine
 24697 | WizLab   | Noticed an ancient champion
 24777 | WizLab   | Killed an ancient champion
 24852 | WizLab   | Noticed an antique lich
 24855 | WizLab   | Found the +9 sword of Zonguldrok {reap}
 24987 | WizLab   | Killed an antique lich
 24987 | WizLab   | Reached XP level 15. HP: 95/105 MP: 5/29
 25137 | Depths:1 | Reached skill level 10 in Conjurations
 25144 | Depths:1 | Found Rydwal's Book Shop.
 25173 | Depths:1 | Reached skill level 10 in Transmutations
 25743 | Depths:1 | Noticed a frost giant
 25753 | Depths:1 | Killed a frost giant
 25856 | Depths:1 | Reached skill level 5 in Stealth
 27464 | Depths:1 | Noticed a ghost moth
 27482 | Depths:1 | a ghost moth changed into a harpy
 27979 | Depths:1 | Reached skill level 10 in Stealth
 27979 | Depths:1 | Reached XP level 16. HP: 111/111 MP: 9/30
 28376 | Depths:1 | Found a gateway to Hell.
 28883 | Depths:1 | Found a one-way gate to the infinite horrors of the Abyss.
 29101 | Depths:1 | Found a sacrificial altar of Ru.
 29109 | Depths:1 | Found a shimmering altar of Xom.
 29109 | Depths:1 | Found a blossoming altar of Fedhas.
 29111 | Depths:1 | Found an iron altar of Okawaru.
 29111 | Depths:1 | Found an opulent altar of Gozag.
 29111 | Depths:1 | Found a shimmering altar of Xom.
 29864 | D:14     | Killed Azrael
 30102 | Elf:1    | Entered Level 1 of the Elven Halls
 31105 | Elf:1    | Noticed Aizul
 31129 | Elf:1    | Killed Aizul
 31203 | Elf:1    | Noticed Donald
 31546 | Elf:1    | Noticed Kirke
 31546 | Elf:1    | Killed Kirke
 31943 | Elf:1    | Identified the Catalogue of the Volcanoes
 32482 | Elf:1    | HP: 5/111 [azure jelly (18)]
 32482 | Elf:1    | HP: 2/111 [azure jelly (3)]
 32482 | Elf:1    | Slain by an azure jelly

Vault maps used:
D:1:      nicolae_arrival_washed_ashore
D:2:      nicolae_dithmenos_through_a_glass_darkly, fedhas_altar_2,
          tgw_kikubaaqudgha
D:3:      uniq_grinder, uniq_robin
D:4:      nicolae_overflow_crystal_walls, first_ration, serial_glass,
          glass_columns_a, glass_columns_a, minmay_box_of_dots, uniq_edmund
D:5:      kennysheep_small_spiral, nzn_random_ring
D:6:      nicolae_overflow_hidden_temple, minmay_temple_entry_glass,
          serial_shops, nicolae_shop_stone, enter_ossuary_1,
          minmay_gold_behind_fungi, uniq_prince_ribbit1
D:7:      serial_aquarium, aquarium_bridge_square, aquarium_bridge_straight,
          aquarium_window_3, aquarium_window_fake, aquarium_window_fake,
          aquarium_window_fake, aquarium_view_2b, aquarium_view_2e,
          aquarium_pool_side, basic_altar, grunt_livestock
D:8:      lemuel_slime, serial_undead, serial_undead_b, serial_undead_e,
          serial_undead_a, serial_undead_c, tgw_sif
D:9:      marbit_many_paths, nicolae_gozag_cash_rules_everything_around_me,
          dancing_weapons_uskayaw, grunt_temple_overflow_open
D:11:     lair_entry_dummy
D:12:     orc_0_dummy, uniq_nessos
D:13:     serial_shops, nicolae_shop_trees, lab_entry_generic
D:14:     erik_vaults_1, kennysheep_pointless_box, uniq_azrael
D:15:     hangedman_depths_entry_civil_slaughter, minmay_misc_feat_columns,
          portal_ice_cave_entry_imps, uniq_josephine
Temple:   compressed_dpeg_circular_temple
Orc:1:    hangedman_minor_magic
Orc:2:    st_orc_ogre_mass, serial_shops, shop
Elf:1:    eino_elf_arrival_the_gate, serial_hangedman_research,
          hangedman_research_thermodynamics, hangedman_research_thanatology,
          hangedman_research_pyrotechnics, hangedman_research_convocations,
          uniq_kirke, uniq_donald, uniq_aizul
Depths:1: enter_ziggurat_b, mu_enter_wizlab_3, rand_demon_pan_entry_3,
          hell_entry, marbit_kobold_abyss_entry, serial_shops, shop,
          spider_trap, corexii_leaking_fountain, doesnt_xom_only_xom
Ossuary:  minmay_ossuary_gauntlet
IceCv:    ice_cave_statue_garden_teleport
WizLab:   wizlab_zonguldrok

Skill      XL: |  1  2  3  4  5  6  7  8  9 10 11 12 13 14 15 16 |
---------------+-------------------------------------------------+-----
Spellcasting   | 3 4 5 6 8 10 11 | 11.4
Earth Magic    | 3 4 5 6 8 10 11 | 11.4
Transmutations | 1 6 9 10 | 10.0
Stealth        | 2 10 | 10.0
Short Blades   | 1 2 7 10 | 10.3
Fighting       | 4 6 |  6.0
Dodging        | 6 8 |  8.0
Shields        | 4 |  4.0
Conjurations   | 6 9 10 11 | 11.4

Action                   |  1- 3 |  4- 6 |  7- 9 | 10-12 | 13-15 | 16-18 || total
-------------------------+-------+-------+-------+-------+-------+-------++-------
Melee: Unarmed           |    16 |       |       |       |       |       ||    16
       Dagger            |    25 |   108 |   337 |   633 |  1420 |   312 ||  2835
Throw: Stone             |       |       |       |       |       |     1 ||     1
 Cast: Sandblast         |    55 |    36 |   170 |   186 |   103 |    26 ||   576
       Petrify           |       |       |    12 |    92 |   151 |    53 ||   308
       Lee's Rapid Decon |       |       |     3 |    39 |    32 |    26 ||   100
       Passwall          |       |       |     3 |    26 |    14 |    26 ||    69
       Sticks to Snakes  |       |       |       |     4 |     1 |     2 ||     7
       Conjure Flame     |       |       |       |     1 |    22 |       ||    23
       Stone Arrow       |       |       |       |       |    97 |       ||    97
       Irradiate         |       |       |       |       |    17 |    18 ||    35
       Mephitic Cloud    |       |       |       |       |     2 |     3 ||     5
       Confusing Touch   |       |       |       |       |       |     1 ||     1
Invok: Curse Item        |       |       |       |     6 |       |       ||     6
Evoke: Fan of gales      |       |       |       |     1 |     1 |     1 ||     3
       Wand              |       |       |       |       |    32 |    10 ||    42
       Phantom mirror    |       |       |       |       |     1 |       ||     1
  Use: Scroll            |       |     9 |     3 |    11 |     8 |     6 ||    37
 Stab: Sleeping          |     1 |     1 |     2 |    11 |     5 |    16 ||    36
       Petrified         |       |       |    30 |   115 |   128 |    17 ||   290
       Petrifying        |       |       |     2 |    14 |    48 |    20 ||    84
       Paralysed         |       |       |       |       |     9 |       ||     9
       Confused          |       |       |       |       |     5 |     1 ||     6
       Distracted        |       |       |       |       |     1 |     2 ||     3
Armor: Robe              |    15 |    23 |    77 |    37 |   140 |    46 ||   338
       Acid dragon scale |       |       |       |    53 |       |       ||    53
       Troll leather arm |       |       |       |     1 |       |       ||     1
       Scale mail        |       |       |       |    58 |       |       ||    58
Dodge: Dodged            |    44 |    73 |   189 |   388 |   764 |   166 ||  1624
Block: Buckler           |       |       |       |    37 |   248 |    59 ||   344

Table legend:
 A = Spawn XP
 B = Non-spawn XP
 C = Spawn XP percentage of total XP
 D = Spawn monster count
 E = Non-spawn monster count
 F = Spawn count percentage of total count
 G = Total turns spent on level
                    A         B        C        D         E        F      G
               +---------+---------+-------+---------+---------+-------+---------
         Total |       0 |  203636 |   0.0 |       0 |     734 |   0.0 | 32482
               +---------+---------+-------+---------+---------+-------+---------
           D:1 |       0 |      51 |   0.0 |       0 |      28 |   0.0 |   708
           D:2 |       0 |      39 |   0.0 |       0 |      13 |   0.0 |  1042
           D:3 |       0 |     486 |   0.0 |       0 |      40 |   0.0 |  1795
           D:4 |       0 |     855 |   0.0 |       0 |      18 |   0.0 |  1075
           D:5 |       0 |     381 |   0.0 |       0 |      28 |   0.0 |   844
           D:6 |       0 |     512 |   0.0 |       0 |      18 |   0.0 |  1157
           D:7 |       0 |    1417 |   0.0 |       0 |      12 |   0.0 |  1508
           D:8 |       0 |    3585 |   0.0 |       0 |      59 |   0.0 |   910
           D:9 |       0 |    4887 |   0.0 |       0 |      42 |   0.0 |  1172
          D:10 |       0 |     454 |   0.0 |       0 |       7 |   0.0 |  1309
          D:11 |       0 |    2766 |   0.0 |       0 |      29 |   0.0 |  1318
          D:12 |       0 |    6674 |   0.0 |       0 |      21 |   0.0 |  1392
          D:13 |       0 |    6748 |   0.0 |       0 |      45 |   0.0 |  1881
          D:14 |       0 |   18766 |   0.0 |       0 |      56 |   0.0 |  1757
          D:15 |       0 |   20772 |   0.0 |       0 |      58 |   0.0 |  2185
         Orc:1 |       0 |    3129 |   0.0 |       0 |      26 |   0.0 |  1476
         Orc:2 |       0 |   18523 |   0.0 |       0 |      40 |   0.0 |  1659
         Elf:1 |       0 |   33276 |   0.0 |       0 |      57 |   0.0 |  2152
      Depths:1 |       0 |   55242 |   0.0 |       0 |      73 |   0.0 |  4205
           Lab |       0 |    1295 |   0.0 |       0 |       1 |   0.0 |   587
       Ossuary |       0 |     151 |   0.0 |       0 |      16 |   0.0 |   276
         IceCv |       0 |    2801 |   0.0 |       0 |      10 |   0.0 |   333
        WizLab |       0 |   20826 |   0.0 |       0 |      37 |   0.0 |  1665
               +---------+---------+-------+---------+---------+-------+---------
